 Dungeon Crawl Stone Soup version 0.24.0-13-gcf9b319 (webtiles) character file.

Game seed: 18414399821994980684, levelgen mode: deterministic

114 Fang the Skirmisher (level 4, 0/29 HPs)
             Began as a Gargoyle Fighter on Dec 19, 2019.
             Slain by a gnoll
             ... wielding a +0 spear
              (5 damage)
             ... on level 3 of the Dungeon.
             The game lasted 00:02:54 (1831 turns).

Fang the Skirmisher (Gargoyle Fighter)              Turns: 1831, Time: 00:02:55

Health: 0/29       AC: 13    Str: 20    XL:     4   Next: 97%
Magic:  4/4        EV:  5    Int:  9    God:
Gold:   81         SH:  9    Dex:  9    Spells: 3/3 levels left

rFire    + . .     SeeInvis .   a - +0 war axe
rCold    + . .     Gourm    .   B - +0 shield
rNeg     + . .     Faith    .   b - +0 chain mail
rPois    ∞         Spirit   .   (no helmet)
rElec    +         Reflect  .   j - scarf {rC+ rF+}
rCorr    +         Harm     .   (no gloves)
MR       .....                  (no boots)
Stlth    ..........             (no amulet)
HPRegen  0.09/turn              m - ring of resist corrosion
MPRegen  0.09/turn              (no ring)

@: no status effects
A: negative energy resistance 1, electricity resistance, unbreathing,
petrification resistance, rot immunity, AC +3
a: no special abilities


You were on level 3 of the Dungeon.
You were not hungry.

You visited 1 branch of the dungeon, and saw 3 of its levels.

You collected 81 gold pieces.

Inventory:

Hand Weapons
 a - a +0 war axe (weapon)
Armour
 b - a +0 chain mail (worn)
 j - a scarf of resistance (worn)
 n - a scarf of spirit shield
 B - a +0 shield (worn)
Jewellery
 m - a ring of resist corrosion (left hand)
Scrolls
 e - 3 scrolls of identify {unknown}
 f - a scroll of blinking {unknown}
 h - 2 scrolls of random uselessness {unknown}
 i - a scroll of enchant weapon {unknown}
 k - a scroll of amnesia {unknown}
 o - a scroll of remove curse {unknown}
Potions
 d - a potion of might
 g - a potion of curing {unknown}
Comestibles
 c - 4 rations
 l - 7 chunks of flesh


   Skills:
 + Level 4.1 Fighting
 + Level 2.7 Axes
 + Level 4.1 Armour
 + Level 4.1 Shields


You had 3 spell levels left.
You didn't know any spells.
Your spell library was empty.

Dungeon Overview and Level Annotations

Branches:
Dungeon (3/15)

Altars:


Innate Abilities, Weirdness & Mutations

You are resistant to torment.
Your stone body is resilient. (AC +3)
You are immune to poison.
You resist negative energy. (rN+)
You are resistant to electric shocks. (rElec)
You can survive without breathing.
You are immune to petrification.
You are immune to rotting.


Message History

The leopard gecko bites you but does no damage.
The gnoll barely misses you.
Items here: ) ††† a +0 dagger; a goblin corpse; a giant cockroach corpse; a frilled lizard corpse Your shield and chain mail prevent you from hitting the gnoll.
You hit the gnoll. You closely miss the leopard gecko.
You barely miss the adder. You miss the jackal.
You hit the jackal but do no damage. You completely miss the jackal.
The jackal bites you but does no damage.
You block the jackal's attack. The jackal barely misses you.
You block the adder's attack. The gnoll closely misses you.
You block the gnoll's attack.
The leopard gecko bites you but does no damage.
The jackal bites you but does no damage. x2
The gnoll hits you but does no damage.
The jackal bites you but does no damage.
The adder bites you.
* * * LOW HITPOINT WARNING * * *
The gnoll hits you with a +0 spear.
You die...

...# #.# ##.#
..≈⌠.≈...≈≈#.# .#
≈.⌠≈..≈..≈≈#.# #
≈..≈..≈..≈≈#.#
.≈..≈≈...≈##.#
.≈.....w.##..#####
≈.....ghg##......#
##.
......glS#.......#
..
......g@..(......#
#
......hhh..(.....#
+
.....######......#
# .... #......# #
... #......# # ..
#......# # .
######## # #


You could see a worm, 3 gnolls, an adder, a leopard gecko, 4 jackals and a
goblin.

Vanquished Creatures
  3 adders
  An ooze (D:1)
  A worm (D:3)
  5 dart slugs
  3 leopard geckos
  6 bats
  3 giant cockroaches (D:3)
  6 goblins
  2 hobgoblins
  8 jackals
  A quokka (D:3)
  3 ball pythons
  2 frilled lizards
  12 kobolds
  7 rats
63 creatures vanquished.

Notes
Turn   | Place    | Note
-------+----------+-------------------------------------------
     0 | D:1      | Fang the Gargoyle Fighter began the quest for the Orb.
     0 | D:1      | Reached XP level 1. HP: 14/14 MP: 1/1
    54 | D:1      | Reached XP level 2. HP: 19/19 MP: 2/2
   246 | D:1      | Reached XP level 3. HP: 23/23 MP: 3/3
  1049 | D:2      | Reached XP level 4. HP: 26/29 MP: 4/4
  1831 | D:3      | Slain by a gnoll

Levels and vault maps discovered:
D:1:      minmay_arrival_four_circles, layout_basic
D:2:      layout_loops_ring
D:3:      cheibrodos_helix_gallery, layout_basic, first_ration,
          minmay_shallow_snake_nest

Skill      XL: |  1  2  3  4 |
---------------+-------------+-----
Axes           | 2 |  2.7
Fighting       | 4 |  4.1
Armour         | 4 |  4.1
Shields        | 4 |  4.1

Action                   |  1- 3 |  4- 6 || total
-------------------------+-------+-------++-------
Melee: War axe           |    99 |    97 ||   196
  Eat: Chunk             |     1 |     2 ||     3
Armor: Scale mail        |    70 |    45 ||   115
       Chain mail        |       |    68 ||    68
Dodge: Dodged            |    41 |    68 ||   109
Block: Shield            |    66 |    83 ||   149
